 Dungeon Crawl Stone Soup version 0.31.0-32-g396128a36d (webtiles) character file.

Game seed: 599530333512817128

818 monsoonserge the Ruffian (level 7, -4/53 HPs)
             Began as a Gnoll Shapeshifter on Apr 2, 2024.
             Was an Initiate of Gozag.
             Slain by an ogre
             ... wielding a +0 giant club
              (22 damage)
             ... on level 6 of the Dungeon.
             The game lasted 00:11:31 (3786 turns).

monsoonserge the Ruffian (Gnoll Shapeshifter)       Turns: 3786, Time: 00:11:31

Health: -4/53      AC:  5    Str: 18    XL:     7   Next: 94%
Magic:  20/20      EV: 12    Int:  9    God:    Gozag
Gold:   57         SH:  0    Dex: 12    Spells: 11/11 levels left

rFire   . .          .
                       - Unarmed
rCold   . . .        (no shield)
rNeg    . . .        h - +0 ring mail
rPois   +            (helmet currently unavailable)
rElec   .            (cloak currently unavailable)
rCorr   +            (gloves currently unavailable)
SInv    .            (boots currently unavailable)
Will    .....        (no amulet) Stlth
                     w - ring "Wiesaffi" {rPois rCorr MP+9 Str+3 Stlth-}
HPRegen 0.28/turn    (no ring)
MPRegen 0.17/turn

%: no passive effects
@: beast-form
A: beast (slay +4), fangs 1, strong nose, distributed training
a: Begin Untransformation, Renounce Religion, Potion Petition, Call Merchant,
Bribe Branch


You were on level 6 of the Dungeon.
You worshipped Gozag.
Gozag was noncommittal.
You were a hulking beast.
You visited 2 branches of the dungeon, and saw 7 of its levels.
You also visited: Sewer.

You collected 518 gold pieces.
You spent 417 gold pieces at shops.
You paid 44 gold pieces to Gozag.

Inventory:

Hand Weapons
 v - the +1 mace of Misery {antimagic, rElec Str+3}
   (You found it on level 5 of the Dungeon)

   Str+3:     It affects your strength (+3).
   rElec:     It insulates you from electricity.
Missiles
 m - 13 poisoned darts (quivered)
Armour
 a - a +0 animal skin
 h - a +0 ring mail (worn)
Jewellery
 q - an amulet of magic regeneration
 w - the ring "Wiesaffi" (left hand) {rPois rCorr MP+9 Str+3 Stlth-}
   (You bought it in a shop on level 1 of the Dungeon)

   [ring of magical power]

   Str+3:     It affects your strength (+3).
   rPois:     It protects you from poison MP+9: It affects your magic capacity
   (+9).
   rCorr:     It protects you from acid and corrosion.
   Stlth-:    It makes you less stealthy.
Talismans
 c - a beast talisman
 d - a flux talisman
Scrolls
 f - 2 scrolls of revelation {unknown}
 g - a scroll of summoning {unknown}
 k - 2 scrolls of amnesia {unknown}
 n - a scroll of blinking {unknown}
 o - 2 scrolls of teleportation {unknown}
 p - 2 scrolls of fog {unknown}
 y - a scroll of brand weapon {unknown}
 z - a scroll of fear {unknown}
Potions
 b - a potion of lignification
 e - 7 potions of curing
 i - a potion of might
 j - 4 potions of enlightenment
 l - a potion of magic
 r - 4 potions of heal wounds
 s - a potion of degeneration {unknown}
 t - a potion of berserk rage {unknown}
 u - 2 potions of invisibility {unknown}
 x - a potion of haste {unknown}


   Skills:
 + Level 3.9 Fighting
 + Level 2.9 Short Blades
 + Level 2.9 Long Blades
 + Level 2.9 Axes
 + Level 2.9 Maces & Flails
 + Level 2.9 Polearms
 + Level 2.9 Staves
 + Level 2.9 Ranged Weapons
 + Level 2.9 Throwing
 + Level 2.9 Armour
 + Level 5.4 Dodging
 + Level 2.9 Stealth
 + Level 2.9 Shields
 + Level 7.2 Unarmed Combat
 + Level 2.9 Spellcasting
 + Level 2.3 Conjurations
 + Level 2.3 Hexes
 + Level 2.3 Summonings
 + Level 2.3 Necromancy
 + Level 2.3 Translocations
 + Level 2.3 Fire Magic
 + Level 2.3 Ice Magic
 + Level 2.3 Air Magic
 + Level 2.3 Earth Magic
 + Level 2.3 Alchemy
 + Level 3.2 Invocations
 + Level 2.9 Evocations
 + Level 7.1 Shapeshifting


You had 11 spell levels left.
You didn't know any spells.
Your spell library contained the following spells:

 Spells                   Type           Power      Damage    Failure   Level
 Apportation              Tloc           10%        N/A       21%         1
 Necrotise                Necr           20%        1d5       21%         1
 Sting                    Conj/Alch      20%        1d4       21%         1
 Summon Small Mammal      Summ           20%        N/A       21%         1


Dungeon Overview and Level Annotations

Branches:
Dungeon (6/15)             Temple (1/1) D:5           Sewer (visited)

Altars:
Cheibriados
Dithmenos
Elyvilon
Fedhas
Gozag
Hepliaklqana
Kikubaaqudgha
Makhleb
Nemelex Xobeh
Okawaru
Qazlal
Ru
Sif Muna
Trog
Uskayaw
Wu Jian
Xom
Yredelemnul
Zin
The Shining One

Shops:
D:1 =


Innate Abilities, Weirdness & Mutations

You are a hulking beast.
Your limbs bulge with bestial killing power. (Slay +4)
You have very sharp teeth.
Your uncanny sense of smell can sniff out nearby items.
Your experience applies equally to all skills.


Message History

You punch the bombardier beetle!
You kill the bombardier beetle!
The liquid fire burns you!
You shake off some of the fire as you move.
The liquid fire burns you!
You see here 4 gold pieces.
You shake off the liquid fire.
You now have 57 gold pieces (gained 4).
Done exploring.
Done exploring.
There is a stone staircase leading down here.
You climb downwards.
You hear the hiss of flowing sand.
There is an entrance to an ossuary on this level.
Hurry and find it before the portal is buried!
Found a scroll labelled IMUGIE COORE.
There is a stone staircase leading up here.
z - a scroll labelled IMUGIE COORE
There are no items here.
Found a plate armour and a robe.
An ogre comes into view. It is wielding a +0 giant club.
Found a copper wand.
The ogre shouts!
The ogre closely misses you.
You barely miss the ogre. You bite the ogre.
The ogre is lightly wounded.
You hit the ogre.
The ogre is moderately wounded.
The ogre hits you with a +0 giant club!!
You hit the ogre.
The ogre is moderately wounded.
You hit the ogre.
The ogre is heavily wounded.
The ogre hits you with a +0 giant club!
You hit the ogre.
The ogre is heavily wounded.
You hit the ogre.
The ogre is severely wounded.
The ogre hits you with a +0 giant club!!
You die...
Your body crumbles into a pile of gold.

#...#
#######...#
#.........#
##.........###
.......<.....#
....########.#
.
######.#######
#.....[......#
#......h.....#
#......O.....+
#............#
#......[......#
#.........../.#
#...........###
#...........+
#...........#


You could see an ogre.

Vanquished Creatures
  An ice beast (D:5)
  A phantom (D:5)
  A kobold brigand (Sewer)
  3 scorpions
  A bombardier beetle (D:5)
  A jelly (D:5)
  An orc priest (D:3)
  2 iguanas (D:5)
  Terence (D:3)
  An orc wizard (D:3)
  3 gnolls (D:4)
  5 adders
  3 river rats
  3 dart slugs
  A ribbon worm (D:2)
  8 orcs
  9 ball pythons
  5 endoplasms
  2 giant cockroaches
  A hobgoblin (D:3)
  3 jackals (D:1)
  4 quokkas
  11 bats
  3 frilled lizards
  5 goblins
  11 kobolds
  14 rats
104 creatures vanquished.

Notes
Turn   | Place    | Note
-------+----------+-------------------------------------------
     0 | D:1      | monsoonserge the Gnoll Shapeshifter began the quest for the
                  | Orb.
     0 | D:1      | Reached XP level 1. HP: 17/17 MP: 1/1
   169 | D:1      | Reached XP level 2. HP: 17/23 MP: 2/2
   233 | D:1      | Found Ryibufuj's One-of-a-Kind Rings.
   375 | D:1      | Reached XP level 3. HP: 28/28 MP: 3/3
   648 | D:2      | Reached skill level 1 in Invocations
   835 | D:2      | Reached skill level 1 in Short Blades
   835 | D:2      | Reached skill level 1 in Long Blades
   835 | D:2      | Reached skill level 1 in Axes
   835 | D:2      | Reached skill level 1 in Maces & Flails
   835 | D:2      | Reached skill level 1 in Polearms
   835 | D:2      | Reached skill level 1 in Staves
   835 | D:2      | Reached skill level 1 in Ranged Weapons
   835 | D:2      | Reached skill level 1 in Throwing
   835 | D:2      | Reached skill level 1 in Armour
   835 | D:2      | Reached skill level 1 in Stealth
   835 | D:2      | Reached skill level 1 in Shields
   835 | D:2      | Reached skill level 1 in Spellcasting
   835 | D:2      | Reached skill level 1 in Evocations
  1152 | D:3      | Reached XP level 4. HP: 34/34 MP: 5/5
  1176 | D:3      | Reached skill level 1 in Conjurations
  1176 | D:3      | Reached skill level 1 in Hexes
  1176 | D:3      | Reached skill level 1 in Summonings
  1176 | D:3      | Reached skill level 1 in Necromancy
  1176 | D:3      | Reached skill level 1 in Translocations
  1176 | D:3      | Reached skill level 1 in Fire Magic
  1176 | D:3      | Reached skill level 1 in Ice Magic
  1176 | D:3      | Reached skill level 1 in Air Magic
  1176 | D:3      | Reached skill level 1 in Earth Magic
  1176 | D:3      | Reached skill level 1 in Alchemy
  1201 | D:3      | Reached XP level 5. HP: 18/40 MP: 5/7
  1322 | D:3      | Noticed Terence
  1330 | D:3      | Killed Terence
  1421 | D:3      | Found a bloodstained altar of Trog.
  1462 | D:3      | Found an opulent altar of Gozag.
  1488 | D:3      | Became a worshipper of Gozag Ym Sagoz the Greedy
  1776 | D:4      | Noticed a +0 hand axe
  1777 | D:4      | Found a hide-covered altar of Uskayaw.
  1777 | D:4      | Noticed a +0 dagger
  1794 | D:4      | Reached XP level 6. HP: 44/47 MP: 8/8
  1819 | D:4      | Found a white marble altar of Elyvilon.
  1824 | D:4      | Found a burning altar of Makhleb.
  1825 | D:4      | Found a hazy altar of Hepliaklqana.
  1826 | D:4      | Found a sparkling altar of Nemelex Xobeh.
  1826 | D:4      | Found a basalt altar of Yredelemnul.
  1827 | D:4      | Found an iron altar of Okawaru.
  1832 | D:4      | Found a shimmering blue altar of Sif Muna.
  1945 | D:4      | Reached skill level 5 in Dodging
  2188 | D:5      | Entered Level 5 of the Dungeon
  2254 | D:5      | Found an ornate altar of the Wu Jian Council.
  2273 | D:5      | Found a glowing drain.
  2328 | D:5      | Identified the +1 mace of Misery {antimagic, rElec Str+3}
  2386 | Sewer    | Entered a sewer
  2494 | Sewer    | Reached XP level 7. HP: 30/52 MP: 10/10
  2515 | Sewer    | Found a glowing silver altar of Zin.
  2932 | D:1      | Bought the ring "Wiesaffi" {rPois rCorr MP+9 Str+3 Stlth-}
                  | for 417 gold pieces
  3430 | D:5      | Found a staircase to the Ecumenical Temple.
  3435 | Temple   | Entered the Ecumenical Temple
  3786 | D:6      | Slain by an ogre

Illustrated notes

Levels and vault maps discovered:
D:1:      eino_arrival_cavern_a, layout_rooms, nicolae_shop_unique_rings,
          minivault_27
D:2:      layout_rooms
D:3:      layout_rooms, grunt_gozag_statues, mainiacjoe_overflow_brackets,
          uniq_terence
D:4:      layout_rooms, dancing_weapons_uskayaw,
          nicolae_overflow_hallway_of_the_gods
D:5:      layout_cave_pods, nzn_wu_jian_contemplation,
          minmay_temple_entry_glassed_door, portal_sewer_entry_a,
          hangedman_decor_diamond_cutter
D:6:      cheibrodos_fzero, layout_basic, nicolae_vehumet_altar_sigil,
          mainiacjoe_ossuary_entry_find_the_door, serial_shops,
          nicolae_shop_statue_plus
Temple:   hellmonk_temple_forest_ring

Skill      XL: |  1  2  3  4  5  6  7 |
---------------+----------------------+-----
Invocations    | 1 2 3 |  3.2
Short Blades   | 1 2 |  2.9
Long Blades    | 1 2 |  2.9
Axes           | 1 2 |  2.9
Maces & Flails | 1 2 |  2.9
Polearms       | 1 2 |  2.9
Staves         | 1 2 |  2.9
Ranged Weapons | 1 2 |  2.9
Throwing       | 1 2 |  2.9
Armour         | 1 2 |  2.9
Stealth        | 1 2 |  2.9
Shields        | 1 2 |  2.9
Spellcasting   | 1 2 |  2.9
Evocations     | 1 2 |  2.9
Conjurations   | 1 2 |  2.3
Hexes          | 1 2 |  2.3
Summonings     | 1 2 |  2.3
Necromancy     | 1 2 |  2.3
Translocations | 1 2 |  2.3
Fire Magic     | 1 2 |  2.3
Ice Magic      | 1 2 |  2.3
Air Magic      | 1 2 |  2.3
Earth Magic    | 1 2 |  2.3
Alchemy        | 1 2 |  2.3
Fighting       | 3 |  3.9
Dodging        | 5 |  5.4
Unarmed Combat | 7 |  7.2
Shapeshifting  | 7 |  7.1

Action                     |  1- 3 |  4- 6 |  7- 9 || total
---------------------------+-------+-------+-------++-------
  Melee: Unarmed           |    70 |   124 |    37 ||   231
         Bite              |     3 |    11 |     5 ||    19
         Punch             |     2 |     5 |       ||     7
    Use: Scroll            |     3 |       |       ||     3
   Stab: Distracted        |       |     1 |       ||     1
 Armour: Animal skin       |    30 |       |       ||    30
         Ring mail         |     2 |    72 |    14 ||    88
  Dodge: Dodged            |    58 |    68 |    10 ||   136
